 Dungeon Crawl Stone Soup version 0.31-a0-620-gd1cbd99268 (webtiles) character file.

Game seed: 15060060015351099960

710 Dirtsage the Changeling (level 7, -3/43 HPs)
             Began as an Octopode Shapeshifter on Aug 24, 2023.
             Slain by a gnoll
             ... wielding a +2 spear of freezing
             ... led by a gnoll bouda
              (9 damage)
             ... on level 5 of the Dungeon.
             The game lasted 00:07:05 (4088 turns).

Dirtsage the Changeling (Octopode Shapeshifter)     Turns: 4088, Time: 00:07:06

Health: -3/43      AC:  1    Str: 17    XL:     7   Next: 68%
Magic:  7/7        EV: 13    Int: 10    God:
Gold:   185        SH:  0    Dex: 12    Spells: 6/6 levels left

rFire   + . .        l - +5 dagger of the Vulture {venom, rF+ rC+ SInv}
rCold   + . .        (no shield)
rNeg    + . .        (helmet currently unavailable)
rPois   .            (no amulet)
rElec   .            N - ring of positive energy
rCorr   .            (no ring)
SInv    +            (no ring)
Will    .....        (no ring)
Stlth   ++           (no ring)
HPRegen 0.27/turn    (no ring)
MPRegen 0.10/turn    (no ring)
                     (no ring)

%: no passive effects
@: beast-form
A: beast (slay +3), almost no armour, amphibious, 8 rings, camouflage 1,
gelatinous body 1, (nimble swimmer 1), tentacles
a: Begin Untransformation


You were on level 5 of the Dungeon.
You were a hulking beast.
You visited 2 branches of the dungeon, and saw 6 of its levels.

You collected 185 gold pieces.

Inventory:

Hand Weapons
 l - the +5 dagger of the Vulture (weapon) {venom, rF+ rC+ SInv}
   (You found it on level 2 of the Dungeon)

   rF+:       It protects you from fire.
   rC+:       It protects you from cold.
   SInv:      It lets you see invisible.
Missiles
 p - a throwing net
Armour
 q - a +0 hat
Magical Staves
 m - a staff of earth
Jewellery
 k - a ring of fire
 N - a ring of positive energy (left tentacle)
Talismans
 b - a beast talisman (active)
 c - a flux talisman
Wands
 v - a wand of flame (20)
Scrolls
 d - 3 scrolls of identify {unknown}
 e - 3 scrolls of teleportation {unknown}
 f - 3 scrolls of noise {unknown}
 i - 2 scrolls of immolation {unknown}
 j - a scroll of blinking {unknown}
 r - 3 scrolls of fear {unknown}
 s - a scroll of enchant armour {unknown}
 t - a scroll of silence {unknown}
 u - a scroll of brand weapon {unknown}
 w - a scroll of amnesia {unknown}
Potions
 a - a potion of lignification
 g - 2 potions of ambrosia {unknown}
 h - a potion of might {unknown}
 n - 2 potions of magic {unknown}
 o - a potion of curing {unknown}


   Skills:
 - Level 1.0 Fighting
 - Level 2.0 Dodging
 + Level 5.6 Unarmed Combat
 * Level 6.8 Shapeshifting


You had 6 spell levels left.
You didn't know any spells.
Your spell library contained the following spells:

 Spells                   Type           Power      Damage    Failure   Level
 Summon Small Mammal      Summ           0%         N/A       36%         1
 Scorch                   Fire           0%         2d5       50%         2
 Call Canine Familiar     Summ           0%         N/A       75%         3
 Summon Guardian Golem    Hex/Summ       0%         N/A       75%         3
 Tukima's Dance           Hex            0%         N/A       75%         3
 Flame Wave               Conj/Fire      0%         2d4       98%         4
 Passage of Golubria      Tloc           0%         N/A       98%         4
 Yara's Violent Unravell  Hex/Tmut       0%         3d3       100%        5
 Summon Cactus Giant      Summ           0%         N/A       100%        6


Dungeon Overview and Level Annotations

Branches:
Dungeon (5/15)             Temple (1/1) D:4

Altars:
Cheibriados
Dithmenos
Elyvilon
Fedhas
Kikubaaqudgha
Makhleb
Nemelex Xobeh
Okawaru
Qazlal
Sif Muna
Uskayaw
Vehumet
Wu Jian
Xom


Innate Abilities, Weirdness & Mutations

You are a hulking beast.
Your limbs bulge with bestial killing power. (Slay +3)
You cannot wear most types of armour.
You are amphibious.
You can wear up to eight rings at the same time.
Your skin changes colour to match your surroundings (Stealth+).
Your rubbery body absorbs attacks. (AC +1, EV +1)
((You are camouflaged when in or above water. (Stealth+)))
You have tentacles for arms and can constrict up to eight enemies at once.


Message History

a +0 whip; a gnoll corpse The gnoll shouts!
You hear a shout! x2
The gnoll bouda gazes fiercely through you!
You feel your attacks grow feeble.
The gnoll bouda barks out a call to the hunt!
The gnoll picks up the pace!
Your attacks no longer feel as feeble.
Health restored: 43
There is an open door here.
The gnoll misses you.
You barely miss the gnoll. You grab the gnoll. You constrict the gnoll.
The gnoll barely misses you.
You hit the gnoll but do no damage. You squeeze the gnoll.
The gnoll is moderately wounded.
You constrict the gnoll. The gnoll hits you with a +0 halberd!
You take 16 damage, and have 27/43 hp.
MASSIVE DAMAGE!!
You puncture the gnoll!
You kill the gnoll!
The gnoll bouda attacks as it pursues you!
The gnoll bouda hits you with a +0 whip.
You take 1 damage, and have 27/43 hp.
You hit the gnoll bouda.
The gnoll bouda is poisoned.
Your grab misses the gnoll bouda. Your squeeze misses the gnoll bouda.
The gnoll bouda is lightly wounded.
The gnoll misses you.
The gnoll bouda hits you with a +0 whip!
You take 9 damage, and have 18/43 hp.
MASSIVE DAMAGE!!
You barely miss the gnoll bouda. Your grab misses the gnoll bouda.
The gnoll bouda is moderately wounded.
The gnoll misses you.
The gnoll bouda hits you with a +0 whip!
* * * LOW HITPOINT WARNING * * *
You take 13 damage, and have 5/43 hp.
MASSIVE DAMAGE!!
You puncture the gnoll bouda!
The gnoll bouda looks as sick as possible!
You grab the gnoll bouda.
The gnoll bouda is severely wounded.
You constrict the gnoll bouda.
The gnoll hits you from afar with a +2 spear of freezing!
You die...

.# .# ########## g #........#
###........###############
##.+................>.....####
...#........#...#.......#....#
.............รท....#####......#
#)............#####...#####..#
..#....#####..ggh..._.....'.##
......#....#..#####...#####.#
.#.#..#....'......#####.....#
......#....#####........#####
.#.#..###'## #.########
......###.# #.#
..#....##.######.#
#..............#.#
....###.######.#.#


You could see a gnoll bouda (extremely poisoned) and a gnoll (swift).

Vanquished Creatures
  2 ogres
  A bullfrog (D:5)
  2 scorpions (D:5)
  3 orc priests
  A sleepcap (D:5)
  An iguana (D:5)
  2 gnolls (D:5)
  11 adders
  A shadow imp (D:5)
  A white imp (D:5)
  A worm (D:3)
  3 dart slugs
  7 orcs
  5 ball pythons
  7 endoplasms
  3 giant cockroaches (D:3)
  4 goblins
  5 hobgoblins
  4 jackals (D:4)
  4 quokkas
  4 bats
  4 frilled lizards
  3 kobolds
  6 rats
85 creatures vanquished.

Notes
Turn   | Place    | Note
-------+----------+-------------------------------------------
     0 | D:1      | Dirtsage the Octopode Shapeshifter began the quest for the
                  | Orb.
     0 | D:1      | Reached XP level 1. HP: 13/13 MP: 1/1
   255 | D:1      | Reached XP level 2. HP: 18/18 MP: 2/2
   814 | D:2      | Reached XP level 3. HP: 23/23 MP: 3/3
  1146 | D:2      | Reached skill level 4 in Shapeshifting
  1270 | D:2      | Identified the +5 dagger of the Vulture {venom, rF+ rC+
                  | SInv}
  1278 | D:2      | Reached XP level 4. HP: 27/28 MP: 4/4
  1699 | D:3      | Reached XP level 5. HP: 26/33 MP: 5/5
  1829 | D:3      | Identified the +5 long sword of Misery {flame, Str+2 Dex+3}
  1949 | D:3      | Found a hide-covered altar of Uskayaw.
  2301 | D:3      | Reached skill level 5 in Shapeshifting
  3014 | D:4      | Reached XP level 6. HP: 38/38 MP: 6/6
  3020 | D:4      | Found a burning altar of Makhleb.
  3027 | D:4      | Found a shimmering blue altar of Sif Muna.
  3284 | D:4      | Found a staircase to the Ecumenical Temple.
  3293 | Temple   | Entered the Ecumenical Temple
  3517 | D:4      | Found an ornate altar of the Wu Jian Council.
  3613 | D:5      | Entered Level 5 of the Dungeon
  3626 | D:5      | Found a radiant altar of Vehumet.
  3651 | D:5      | Reached skill level 5 in Unarmed Combat
  3651 | D:5      | Reached skill level 6 in Shapeshifting
  3653 | D:5      | Reached XP level 7. HP: 43/43 MP: 7/7
  3793 | D:5      | Found a blossoming altar of Fedhas.
  4088 | D:5      | Slain by a gnoll

Illustrated notes

Levels and vault maps discovered:
D:1:      dpeg_arrival_rooms_with_view, layout_basic, amethyst_killhole,
          st_stairs_13, dreamdust_mushroom_princess, minmay_strange_pillars
D:2:      layout_basic
D:3:      layout_rooms, old_standard_altar, serial_aquarium,
          aquarium_bridge_square [aquarium_subvault_balcony,
          aquarium_subvault_bridge, aquarium_subvault_bridge,
          aquarium_subvault_bridge], aquarium_bridge_straight
          [aquarium_subvault_bridge, aquarium_subvault_balcony,
          aquarium_subvault_bridge, aquarium_subvault_wall], aquarium_window_1,
          aquarium_window_corner, aquarium_window_1, aquarium_window_1,
          aquarium_view_2b, aquarium_view_2c, aquarium_balcony_double_2,
          aquarium_pool_split, grunt_ministairs_15, minmay_misc_feat_pillars,
          guppyfry_early_lair_pool
D:4:      layout_basic, pdpol_wu_jian_five_deadly_venoms,
          mainiacjoe_overflow_big_doors, lemuel_temple_firewalk_b
D:5:      layout_basic, mainiacjoe_overflow_surrounded_room,
          nicolae_vehumet_radiance, minmay_misc_feat_tower,
          chequers_serial_rivers_room_b
Temple:   nicolae_temple_colour_theory

Skill      XL: |  1  2  3  4  5  6 |
---------------+-------------------+-----
Shapeshifting  | 4 5 6 |  6.8
Unarmed Combat | 4 5 |  5.6
Fighting       | |  1.0
Dodging        | |  2.0

Action                     |  1- 3 |  4- 6 |  7- 9 || total
---------------------------+-------+-------+-------++-------
  Melee: Unarmed           |    54 |     4 |       ||    58
         Constrict         |    16 |    23 |     9 ||    48
         Tentacles         |    10 |    11 |     6 ||    27
         Punch             |     2 |     3 |     2 ||     7
         Dagger            |       |    79 |    26 ||   105
   Stab: Sleeping          |     3 |    11 |     1 ||    15
 Armour: Skin              |     5 |     3 |     2 ||    10
  Dodge: Dodged            |    19 |    41 |    13 ||    73

Table legend: (Time is in decaauts)
 A = Elapsed time spent in this place.
 B = Non-inter-level travel time spent in this place.
 C = Inter-level travel time spent in this place.
 D = Time resting spent in this place.
 E = Time spent auto-exploring this place.
 F = Levels seen in this place.
 G = Mean time per level.
                   A        B        C        D        E       F      G
               +--------+--------+--------+--------+--------+-----+--------+
         Total |   4081 |   3983 |     98 |    216 |   3230 |   6 |  680.2 |
       Dungeon |   4079 |   3981 |     98 |    216 |   3230 |   5 |  815.8 |
        Temple |      1 |      1 |      0 |      0 |      0 |   1 |    1.0 |
               +--------+--------+--------+--------+--------+-----+--------+

Top non-repeatable levels by time:
     D:4: 1015 daAuts
     D:2: 955 daAuts
     D:3: 928 daAuts
     D:1: 706 daAuts
     D:5: 473 daAuts
  Temple: 1 daAuts
